[Event "Early-Titled-Tuesday-Blitz-March-26-2024"]
[Site "Chess.com"]
[Date "2024.03.26"]
[Round "9"]
[White "amylazy"]
[Black "Hope_6"]
[Result "1-0"]
[WhiteElo "2429"]
[BlackElo "2650"]
[TimeControl "180+1"]
[EndTime "9:43:44 PDT"]
[Termination "amylazy won by checkmate"]

1. d4 d5 2. c4 e6 3. Nf3 Nf6 4.
g3 Bb4+ 5. Bd2 Be7 6. Bg2 O-O 7. O-O c6 8. Qc2 b6 9. Bf4 Nbd7 10. Rd1 Bb7 11.
Ne5 Nh5 12. Bc1 Nxe5 13. dxe5 g6 14. Bh6 Ng7 15. cxd5 cxd5 16. e4 Rc8 17. Nc3 d4 18. Qa4 dxc3 19. Rxd8 Rfxd8 20. bxc3 a5 21. Rd1 Rxd1+ 22.
Qxd1 Rd8 23. Qb3 Bc5 24. Bf3 Ne8 25. Bg5 Rd3 26. Qb5 Rxf3 27. Qxe8+ Kg7 28. Bf6+ Kh6 29. Qxf7 Rxf2 30. Qg7+ Kh5 31. Qxh7+ Kg4 32. Qxg6+ Kf3 33. Qh5+ Kxe4 34. Qg6+ Kf3 35. Qd3+ Be3 36. Qd1+ Re2+ 37. Kf1 Ba6 38. Bh4 Bd2 39. Kg1 Ke3 40. Bg5+ Kd3 41. Bxd2 Rxd2 42. Qf1+ Re2 43. Qf3+ Kd2 44. h4 Re1+ 45.
Kh2 Be2 46. Qf4+ Kd1 47. Qd4+ Kc1 48. Qxb6 Bf3 49. g4 Bxg4 50. Qd4 Bf5 51. Qf4+ Kd1 52. h5 Re2+ 53. Kg3 Ke1 54. Qc1# 1-0

[Event "Early-Titled-Tuesday-Blitz-March-26-2024"]
[Site "Chess.com"]
[Date "2024.03.26"]
[Round "9"]
[White "KVAIDAN"]
[Black "Herzog2012"]
[Result "0-1"]
[WhiteElo "2349"]
[BlackElo "2527"]
[TimeControl "180+1"]
[EndTime "9:43:44 PDT"]
[Termination "Herzog2012 won by resignation"]

1. f4 d5 2. Nf3 Nf6 3. e3 g6 4. Be2 Bg7 5. O-O O-O 6. d3 c5 7. Kh1 Nc6 8. a4 e5 9. fxe5 Ng4 10. d4 f6 11. h3 Nh6 12. c4 Nf5 13. Qe1 fxe5 14. cxd5 Nb4 15. Na3 e4 16. Ne5 Nxd5 17. Bc4 Be6 18. g4 Nd6 19. Rxf8+ Qxf8 20. dxc5 Bxe5 21.
cxd6 Qf3+ 22. Kg1 Qxh3 23. Qf2 Qxg4+ 24. Qg2 Qd1+ 25. Bf1 Rf8 26. Nc4 Bg7 27. d7 Bxd7 28. Rb1 Bg4 29. b4 Bf3 30. Qf2 Nf6 31. Nd2 Ng4 32.
Ba3 Nxf2 33. Rxd1 Nxd1 34. b5 Nxe3 35. Bxf8 Kxf8 36. Nxf3 exf3 37. Kf2 Nxf1 38. Kxf3 Nd2+ 39. Ke3 Nb3 40. Ke4 Nc5+ 41. Kd5 Nxa4 42. Kd6 b6 43. Kc7 Ke7 44. Kb7 Kd7 45. Kxa7 Kc7 46. Ka6 h5 47. Ka7 h4 48. Ka6 h3 0-1

[Event "Early-Titled-Tuesday-Blitz-March-26-2024"]
[Site "Chess.com"]
[Date "2024.03.26"]
[Round "9"]
[White "Attacker_2006"]
[Black "Kate1606"]
[Result "1/2-1/2"]
[WhiteElo "2404"]
[BlackElo "2134"]
[TimeControl "180+1"]
[EndTime "9:43:44 PDT"]
[Termination "Game drawn - insufficient material"]

1. h4 d5 2. a4 e5 3. h5 h6 4. a5 Nf6 5. d4 exd4 6. Qxd4 Nc6 7. Qd1 Bc5 8. Nf3 Bg4 9. Bf4 Bxh5 10. a6 bxa6 11. e3 Bg6 12. Bxa6 Nb4 13. Bb5+ c6 14. Ba4 Bd6 15. Ne5 Bxe5 16. Bxe5 O-O 17. Qd4 Nxc2+ 18. Bxc2 Bxc2 19. Bxf6 Qxf6 20. Qxf6 gxf6 21. Na3 Bg6 22. Rxh6 Kg7 23. Rh1 Rab8 24. O-O-O Rb3 25. Rd2 Rfb8 26.
Nb1 a5 27. Rh4 c5 28. Rg4 Kf8 29. f4 Be4 30. Rh4 Ke7 31. Re2 R8b4 32. Nc3 a4 33. Na2 Rb8 34. g4 a3 35. Rhh2 axb2+ 36. Rxb2 Rxb2 37.
Rxb2 Rxb2 38. Kxb2 Bf3 39. Nc3 Kd6 40. g5 fxg5 41.
fxg5 Ke5 42. Kc2 d4 43. exd4+ cxd4 44. g6 fxg6 45. Nb5 g5 46. Kd2 g4 47. Ke1 Ke4 48.
Nd6+ Ke3 49. Nf5+ Kf4 50. Nxd4 g3 51. Kf1 Be4 52. Ne2+ Ke3 53. Nxg3 1/2-1/2

[Event "Early-Titled-Tuesday-Blitz-March-26-2024"]
[Site "Chess.com"]
[Date "2024.03.26"]
[Round "9"]
[White "Ginger_GM"]
[Black "monomita"]
[Result "0-1"]
[WhiteElo "2614"]
[BlackElo "2787"]
[TimeControl "180+1"]
[EndTime "9:43:45 PDT"]
[Termination "monomita won by checkmate"]

1. e4 e6 2. Nf3 d5 3. e5 c5 4. b4 cxb4 5. d4 Nc6 6. a3 bxa3 7. c3 Nh6 8. Nxa3 Nf5 9. Bd3 Be7 10. h4 h6 11. h5 O-O 12. g4 Nh4 13. Nxh4 Bxh4 14. Bc2 f5 15. gxf5 exf5 16. Nb5 Be6 17. Nd6 Be7 18.
Bf4 Bxd6 19. exd6 Qd7 20. Rg1 Kh8 21. Qd2 Rae8 22. Kf1 Rf6 23. Re1 Bf7 24. Re5 Bxh5 25. Rh1 Bf3 26. Rh3 Be4 27. Bxh6 Nxe5 28. dxe5 Qb5+ 29.
Kg1 Rg6+ 30. Bg5+ Kg8 31. Bxe4 fxe4 32. Qf4 d4 33. cxd4 Qd7 34. Rg3 Qc6 35. Kh2 Rf8 36.
Qe3 Rf5 37. Qb3+ Kh7 38. Rh3+ Rh6 39. Bxh6 gxh6 40. Qe6 Rxf2+ 41. Kg1 Qc1+ 42. Kxf2 Qd2+ 43. Kg3 Qe3+ 44. Kg4 Qg5# 0-1

[Event "Early-Titled-Tuesday-Blitz-March-26-2024"]
[Site "Chess.com"]
[Date "2024.03.26"]
[Round "9"]
[White "profedechess93"]
[Black "Oligan22"]
[Result "1/2-1/2"]
[WhiteElo "2639"]
[BlackElo "2477"]
[TimeControl "180+1"]
[EndTime "9:43:47 PDT"]
[Termination "Game drawn by repetition"]

1. e4 c6 2. d4 d5 3. Nc3 dxe4 4. Nxe4 Nf6 5. Nxf6+ exf6 6. c3 Bd6 7. Bd3 O-O 8. Qc2 Re8+ 9. Ne2 h5 10. Be3 Nd7 11.
O-O-O Nf8 12. h3 Be6 13. g4 h4 14. Rhg1 b5 15. g5 fxg5 16. Bxg5 Be7 17. Bxe7 Qxe7 18. Nf4 Qf6 19. Qd2 Qh6 20. Bb1 Nh7 21. Rde1 Bd5 22.
Nxd5 Qxd2+ 23. Kxd2 cxd5 24. Rg4 Rxe1 25. Kxe1 Re8+ 26.
Kd2 Re6 27. Rxh4 Ng5 28. Rf4 Nxh3 29. Rf5 Rd6 30. Bd3 g6 31. Rf3 Ng5 32. Re3 a6 33. Re8+ Kg7 34. Ra8 Rf6 35. Ke2 Re6+ 36. Kf1 Nf3 37.
Be2 Nd2+ 38. Ke1 Ne4 39. a4 bxa4 40. Rxa6 Re7 41. Rxa4 Rb7 42. Ra2 Kf6 43. Bd3 Nd6 44. Ra6 Ke7 45. b4 g5 46. Kd2 Rc7 47. Ra5 Ke6 48. Ra6 Ke7 49. b5 Rb7 50. b6 Nc8 51. Ra5 Nxb6 52. Rb5 Kd6 53. Ke3 Kc6 54. Rc5+ Kd6 55.
Rb5 Kc6 56. Rc5+ Kd6 57. Rb5 1/2-1/2

[Event "Early-Titled-Tuesday-Blitz-March-26-2024"]
[Site "Chess.com"]
[Date "2024.03.26"]
[Round "9"]
[White "Zhani-Z"]
[Black "JosefineHeinemann"]
[Result "1-0"]
[WhiteElo "2297"]
[BlackElo "2504"]
[TimeControl "180+1"]
[EndTime "9:43:49 PDT"]
[Termination "Zhani-Z won by resignation"]

1. e4 c5 2. Nf3 d6 3. c3 Nf6 4. h3 g6 5. Bd3 Bg7 6. O-O O-O 7.
Bc2 e5 8. d4 exd4 9. cxd4 Nc6 10. d5 Nb8 11. Nc3 a6 12. a4 Re8 13. Bf4 Qc7 14.
Nd2 Nbd7 15. Nc4 Ne5 16. Bxe5 dxe5 17. a5 Bd7 18. Ba4 Bxa4 19. Nxa4 Rad8 20. Qc2 Rf8 21.
Rfe1 Ne8 22. Ncb6 Nd6 23. Qxc5 Qe7 24. Nc4 f5 25. Nxd6 Rxd6 26. Nb6 Qd8 27. Nc4 Rdf6 28. f3 fxe4 29. Rxe4 Rf5 30. d6 Qg5 31. Rg4 Qf6 32. Qd5+ Kh8 33. d7 e4 34. Qxe4 Rd8 35. Rd1 Rc5 36. Rf4 Rf5 37. Rxf5 gxf5 38. Qxb7 Qe6 39. Qd5 Qe7 40. Nd6 Bxb2 41. Nf7+ Kg7 42.
Nxd8 Qxd8 43. Qxf5 Bf6 44. Qe6 Be7 45. Kh1 Kf8 46.
Qf5+ Kg7 47. Rd4 Kh8 48. Rg4 Qc7 49. Qb1 Qxd7 50. Qb2+ 1-0

[Event "Early-Titled-Tuesday-Blitz-March-26-2024"]
[Site "Chess.com"]
[Date "2024.03.26"]
[Round "9"]
[White "Aradhya2000"]
[Black "Juicy_Fork"]
[Result "1-0"]
[WhiteElo "2743"]
[BlackElo "2535"]
[TimeControl "180+1"]
[EndTime "9:43:51 PDT"]
[Termination "Aradhya2000 won on time"]

1. d4 Nf6 2. c4 g6 3. g3 Bg7 4. Bg2 O-O 5. Nf3 d6 6. Nc3 c5 7. dxc5 dxc5 8. Qxd8 Rxd8 9. Ne5 Ne8 10. Nd3 Nd6 11. Nxc5 Nc6 12. Bd2 Nxc4 13. O-O-O Bd4 14.
Nd3 Bf5 15. Bxc6 bxc6 16. Bh6 Bxd3 17. exd3 Ne5 18. Be3 Bxe3+ 19. fxe3 Nxd3+ 20. Kc2 Nf2 21. Rxd8+ Rxd8 22. Re1 f5 23. e4 fxe4 24. Nxe4 Ng4 25. h3 Ne5 26. Nc3 Nf3 27. Rxe7 Nd4+ 28. Kb1 a5 29. g4 Nf3 30. Rc7 Rd6 31. a4 Ng1 32.
g5 Nxh3 33. Ne4 Re6 34. Nf6+ Kf8 35. Nxh7+ Ke8 36. Rg7 Rd6 37. Nf6+ Kf8 38. Rxg6 Kf7 39. Rh6 Nxg5 40. Ng4 Rd1+ 41. Kc2 Rd4 42. Ne5+ Ke7 43. Nxc6+ Kf7 44. Nxd4 Kg7 45. Rh5 Ne4 46. Rxa5 Kf6 47.
Rf5+ Kg6 48. a5 Nd6 49. a6 Nc4 50. Rc5 Nb6 51. Rc6+ 1-0

[Event "Early-Titled-Tuesday-Blitz-March-26-2024"]
[Site "Chess.com"]
[Date "2024.03.26"]
[Round "9"]
[White "Tol_Tol"]
[Black "Golubovsky"]
[Result "0-1"]
[WhiteElo "2336"]
[BlackElo "2495"]
[TimeControl "180+1"]
[EndTime "9:43:51 PDT"]
[Termination "Golubovsky won on time"]

1. d4 Nf6 2. c4 e6 3. Nc3 d5 4.
Bg5 dxc4 5. e3 a6 6. Bxc4 b5 7. Bd3 Bb7 8. Nf3 Nbd7 9. O-O Be7 10. Rc1 c5 11. Bxf6 Bxf6 12. Ne4 c4 13. Nd6+ Ke7 14. Nxb7 Qb6 15. Be4 Rab8 16. Nc5 Nxc5 17. dxc5 Qxc5 18. Nd4 Rbc8 19. Bb7 Rc7 20. Bxa6 Rb8 21. a4 bxa4 22.
Rxc4 Qb6 23. Rxc7+ Qxc7 24. Qxa4 Kf8 25. b4 Kg8 26. b5 Qc5 27. Nc6 Rb6 28. g3 g5 29.
Qd4 Bxd4 30. exd4 Qd6 31. Rc1 Qa3 32. Rc5 h6 33. h3 Kg7 34. Kg2 Qa1 35. Bc8 Qb2 36.
Ba6 Qb1 37. Rc4 Rxb5 38. Bxb5 Qxb5 39. Rc5 Qd3 40. Kg1 Qd1+ 41. Kg2 Qe2 42. Kg1 Qe1+ 43. Kg2 Qe4+ 44. Kg1 Kf6 45. Kh2 Qf3 46. Kg1 h5 47. h4 gxh4 48. gxh4 Qg4+ 49. Kf1 Qd1+ 50. Kg2 Qg4+ 51.
Kf1 Qxh4 52. Ke2 Qe4+ 53. Kf1 h4 54. Re5 Qxc6 55. Re3 Qh1+ 0-1

[Event "Early-Titled-Tuesday-Blitz-March-26-2024"]
[Site "Chess.com"]
[Date "2024.03.26"]
[Round "9"]
[White "gummigisla"]
[Black "Masterisback04"]
[Result "1-0"]
[WhiteElo "2427"]
[BlackElo "2016"]
[TimeControl "180+1"]
[EndTime "9:43:52 PDT"]
[Termination "gummigisla won on time"]

1. d4 Nf6 2. Nf3 e6 3. g3 c5 4.
c4 cxd4 5. Nxd4 d5 6. Bg2 e5 7.
Nb3 d4 8. O-O Nc6 9. e3 Be7 10.
exd4 exd4 11. Bxc6+ bxc6 12. Qxd4 Bh3 13. Re1 O-O 14. Qxd8 Raxd8 15. Nc3 h6 16. Rxe7 Rd3 17.
Be3 Rfd8 18. Nc5 R3d6 19. Bf4 Rd4 20. Be5 Rxc4 21. Bxf6 gxf6 22. N5e4 f5 23. Nf6+ Kf8 24. Rxa7 Rd2 25. Nd7+ Kg7 26. Ne5 Rcd4 27. Nf3 R4d3 28. Nxd2 Rxd2 29. b3 f4 30. gxf4 Kf8 31.
Ne4 Re2 32. Ng3 Rc2 33. Re1 Bg4 34. f5 h5 35. f6 Kg8 36. h3 Bf3 37. Nf5 Rc5 38.
Re8+ Kh7 39. Nh4 Rc1+ 40. Kh2 Bd5 41. Rf8 Kh6 42. Rg8 Rh1+ 43. Kg3 Rg1+ 44. Kf4 Rxg8 45. Nf5+ Kh7 46. Ne7 Rg2 47. Nxd5 cxd5 48. Rxf7+ Kh6 49. Ke5 Rxf2 50. Ra7 Kg6 51. f7 Re2+ 52. Kxd5 Kg7 53. b4 Re3 54. b5 Rxh3 55. b6 Rh1 56. b7 Rb1 57. f8=Q+ Kxf8 58. Ra8+ 1-0

[Event "Early-Titled-Tuesday-Blitz-March-26-2024"]
[Site "Chess.com"]
[Date "2024.03.26"]
[Round "9"]
[White "BilicVladimir"]
[Black "AA95"]
[Result "1-0"]
[WhiteElo "2671"]
[BlackElo "2481"]
[TimeControl "180+1"]
[EndTime "9:43:54 PDT"]
[Termination "BilicVladimir won by resignation"]

1. Nf3 Nf6 2. c4 g6 3. d4 Bg7 4. Nc3 O-O 5. g3 d6 6. Bg2 c6 7. O-O Qa5 8. Bd2 Qh5 9. Bg5 h6 10. Bxf6 Bxf6 11. Qd3 Bh3 12. Bxh3 Qxh3 13. Ne4 Bg7 14. Rac1 Nd7 15. b3 f5 16. Ned2 Nf6 17. Rfe1 Ng4 18. Nf1 e5 19. dxe5 dxe5 20. Qd6 e4 21.
Nh4 Rf6 22. Qd7 g5 23. Nxf5 Rf7 24. Qe6 Nxf2 25. N1e3 Qh5 26. Kxf2 Qxh2+ 27. Ng2 e3+ 28. Kxe3 Qxg2 29. Rf1 Rf8 30. Rf3 Qh3 31. Ne7+ Kh8 32.
Qxh3 Rxe7+ 33. Kf2 Rfe8 34. Rc2 Bd4+ 35. Kf1 Bg7 36.
Qf5 Re5 37. Qf7 R5e6 38. Rd2 g4 39. Rd7 Rg8 40. Qxe6 gxf3 41. exf3 Kh7 42. Rxb7 c5 43. Qxg8+ Kxg8 44. Rxg7+ Kxg7 45. Ke2 Kf6 46. a3 a5 47. Ke3 Ke5 48. g4 Kf6 49. f4 Kg6 50. Ke4 h5 51. gxh5+ Kxh5 52. Kd5 Kg4 53. Kxc5 Kxf4 54.
Kb5 Ke5 55. Kxa5 Kd6 56. Kb4 Kc7 57. c5 Kc6 58. Kc4 Kb7 59. b4 Ka6 60. b5+ Ka5 61. a4 Kxa4 62. b6 Ka5 63. b7 Ka6 64. b8=Q 1-0

[Event "Early-Titled-Tuesday-Blitz-March-26-2024"]
[Site "Chess.com"]
[Date "2024.03.26"]
[Round "9"]
[White "gorgeous1083"]
[Black "Roedor"]
[Result "1-0"]
[WhiteElo "2065"]
[BlackElo "2412"]
[TimeControl "180+1"]
[EndTime "9:43:54 PDT"]
[Termination "gorgeous1083 won by checkmate"]

1. d4 Nf6 2. c4 g6 3. Nc3 Bg7 4.
e4 d6 5. Nf3 O-O 6. Be2 e5 7.
Be3 Ng4 8. Bg5 f6 9. Bh4 Nh6 10. dxe5 dxe5 11. Qd5+ Qxd5 12. Nxd5 Na6 13. a3 c6 14.
Ne7+ Kh8 15. Nxc8 Raxc8 16. b4 Nc7 17. O-O-O Rcd8 18. h3 Ne6 19. Rxd8 Rxd8 20. Rd1 Rxd1+ 21. Bxd1 Nf4 22. Ne1 g5 23. Bg3 f5 24. Bc2 Ne2+ 25.
Kd2 Nxg3 26. fxg3 f4 27. gxf4 exf4 28. a4 Nf7 29. Nf3 h6 30. Bb3 Ne5 31. c5 Nxf3+ 32. gxf3 Bf8 33. Kc3 a5 34. bxa5 Bxc5 35. Be6 Bf2 36.
Bc8 Be1+ 37. Kc4 Bxa5 38. Bxb7 Bb6 39. Bxc6 Kg7 40. Kb5 Be3 41. a5 Kf6 42. Ka6 Ke5 43. Kb7 Kd4 44. a6 Kd3 45. Bd7 Ke2 46. Bg4 Kf2 47.
a7 Bxa7 48. Kxa7 Kg3 49. e5 Kh4 50. e6 h5 51. e7 hxg4 52. hxg4 Kg3 53. e8=Q Kxf3 54.
Qe6 Kg3 55. Qf5 f3 56. Qxg5 f2 57. Qf5 Kg2 58. g5 f1=Q 59. Qxf1+ Kh2 60. g6 Kg3 61. g7 Kh2 62. Qf2+ Kh1 63. Qf3+ Kh2 64. Qg4 Kh1 65.
g8=Q Kh2 66. Qh7# 1-0

[Event "Early-Titled-Tuesday-Blitz-March-26-2024"]
[Site "Chess.com"]
[Date "2024.03.26"]
[Round "9"]
[White "vasblesk"]
[Black "hakanazeri2"]
[Result "1-0"]
[WhiteElo "2790"]
[BlackElo "2586"]
[TimeControl "180+1"]
[EndTime "9:43:56 PDT"]
[Termination "vasblesk won by checkmate"]

1. d4 Nf6 2. c4 c6 3. Nf3 d5 4. Qc2 g6 5. Bf4 Bg7 6. e3 O-O 7. Nc3 Bf5 8. Qb3 Qb6 9. c5 Qxb3 10. axb3 Nbd7 11. b4 a6 12. h3 Ne4 13. Na4 h5 14.
Be2 Rae8 15. Rg1 e5 16. dxe5 Nxe5 17. Nxe5 Bxe5 18. Bxe5 Rxe5 19. g4 hxg4 20. hxg4 Bc8 21. Nb6 Nf6 22. Rd1 Nd7 23. Na4 Re4 24. Rd4 Ne5 25.
Nc3 Rxd4 26. exd4 Nc4 27. Bxc4 dxc4 28. f3 Rd8 29. Ne2 Be6 30. Kf2 g5 31. Ke3 Kg7 32.
Ng3 Rh8 33. Rh1 Rxh1 34. Nxh1 f5 35. gxf5 Bxf5 36. Ng3 Kf6 37. Ne4+ Ke6 38. Nxg5+ Kd5 39. Ne4 Bd7 40. Nf6+ Ke6 41. Nxd7 Kxd7 42. Ke4 Ke6 43.
f4 Ke7 44. Ke5 Kf7 45. f5 Ke7 46. f6+ Kd7 47. Kf5 Ke8 48. Kg6 Kf8 49. f7 c3 50.
bxc3 a5 51. bxa5 b5 52. cxb6 c5 53. dxc5 Ke7 54. Kg7 Kd7 55. f8=Q Kc6 56. Qd6+ Kb5 57. b7 Ka4 58. Qb6 Ka3 59. b8=Q Ka2 60. Qb2# 1-0

[Event "Early-Titled-Tuesday-Blitz-March-26-2024"]
[Site "Chess.com"]
[Date "2024.03.26"]
[Round "9"]
[White "jk13"]
[Black "Pedrada88"]
[Result "1-0"]
[WhiteElo "2721"]
[BlackElo "2556"]
[TimeControl "180+1"]
[EndTime "9:43:56 PDT"]
[Termination "jk13 won on time"]

1. e4 c5 2. Nf3 e6 3. c3 d5 4.
exd5 exd5 5. d4 Nc6 6. Bb5 Ne7 7. O-O a6 8. Ba4 b5 9. Bc2 g6 10. dxc5 Bg7 11. Re1 O-O 12. Bf4 Re8 13. Nbd2 b4 14. Ne5 bxc3 15. bxc3 Nxe5 16. Bxe5 Bxe5 17. Rxe5 Qc7 18. Qe1 Qxc5 19. Ba4 Be6 20. Bxe8 Rxe8 21. Nb3 Qd6 22. Nd4 Nc6 23. Nxc6 Qxc6 24. Qe3 Rc8 25.
Rc1 Qc4 26. Qe2 d4 27. Qxc4 Rxc4 28. Re4 Rxc3 29. Rxc3 dxc3 30. Re3 c2 31. Rc3 Bxa2 32. Rxc2 Bd5 33. Rc5 Be4 34. f3 Bd3 35. Kf2 h5 36. h4 Kg7 37. Ke3 Bf1 38. g4 hxg4 39. fxg4 Bb5 40.
Kf4 Be2 41. Rc7 Bd3 42. Ra7 Be2 43. Kg5 Bc4 44. Kf4 Be2 45. Kg5 Bc4 46. h5 gxh5 47. gxh5 Kh7 48. Rc7 Bd5 49. Rd7 Bc4 50. Rd4 Bb3 51. Rb4 Be6 52. Ra4 Bc8 53. Kf6 Be6 54.
Rxa6 Kh6 55. Ra5 Bg4 56. Kxf7 Bxh5+ 57. Kf6 1-0

[Event "Early-Titled-Tuesday-Blitz-March-26-2024"]
[Site "Chess.com"]
[Date "2024.03.26"]
[Round "9"]
[White "bazar-wokzal"]
[Black "blitzking1729"]
[Result "0-1"]
[WhiteElo "2580"]
[BlackElo "2766"]
[TimeControl "180+1"]
[EndTime "9:43:57 PDT"]
[Termination "blitzking1729 won by resignation"]

1. e4 d6 2. f4 Nf6 3. Nc3 c5 4. Nf3 Nc6 5. h3 a6 6. g4 b5 7. d3 b4 8. Ne2 d5 9. e5 Nd7 10. e6 fxe6 11. d4 g6 12. Ng5 Nf6 13.
dxc5 Bg7 14. Be3 O-O 15. Bg2 e5 16. O-O e4 17. f5 gxf5 18. gxf5 h6 19. Ne6 Bxe6 20.
fxe6 Qc7 21. Kh1 Rad8 22. c3 bxc3 23. bxc3 Qe5 24. Nf4 Qxc3 25. Qe2 d4 26. Bg1 Qxc5 27. Bxe4 Nxe4 28. Qxe4 Qe5 29. Qxc6 Rxf4 30. Rae1 Qf5 31.
Rxf4 Qxf4 32. Bh2 Qf5 33. Rg1 Qd5+ 34. Qxd5 Rxd5 35. Bf4 Kh7 36. Kg2 Rf5 37. Kg3 Be5 38. Bxe5 Rxe5 39. Rd1 Rd5 40. Kf4 Rd6 41. Rd3 Kg6 42.
Ke5 Kg5 43. Rxd4 Rxd4 44. Kxd4 Kf6 45. Kd5 Kf5 46. h4 h5 47. a4 a5 48. Kc5 Kxe6 49.
Kb5 Kd5 50. Kxa5 Kc5 51. Ka6 e5 52. Kb7 Kb4 53. Kc6 e4 0-1

[Event "Early-Titled-Tuesday-Blitz-March-26-2024"]
[Site "Chess.com"]
[Date "2024.03.26"]
[Round "9"]
[White "ChessSwole"]
[Black "MarijaKuznecova"]
[Result "1-0"]
[WhiteElo "2667"]
[BlackElo "2411"]
[TimeControl "180+1"]
[EndTime "9:43:57 PDT"]
[Termination "ChessSwole won on time"]

1. e4 c5 2. Nf3 d6 3. d4 cxd4 4. Nxd4 Nf6 5. Nc3 a6 6. Rg1 h5 7. Bg5 e6 8. Bc4 Be7 9. Qe2 Nc6 10. O-O-O Na5 11. e5 Nxc4 12. Qxc4 d5 13. exf6 gxf6 14. Qa4+ Bd7 15. Qb3 fxg5 16. Rge1 Qc7 17. Nf5 Qf4+ 18. Ne3 O-O-O 19. g3 Qxf2 20. Nexd5 Bc5 21. Rf1 Qxh2 22.
Qc4 exd5 23. Qxc5+ Kb8 24. Qd6+ Ka7 25. Rxf7 Qh3 26.
Nxd5 Bc8 27. Qb6+ Kb8 28. Qc7+ Ka7 29. Qc5+ Kb8 30. b4 Qg2 31. Rd2 Qh1+ 32. Kb2 Qe4 33. Qc7+ Ka7 34. Qb6+ Kb8 35. Qc5 Qe5+ 36. c3 Qd6 37.
Qd4 Be6 38. Rf6 Qxd5 39. Qxd5 Bxd5 40. Rf5 Bc6 41. Rxd8+ Rxd8 42. Rxg5 Bf3 43. a4 Bg4 44. Kb3 Rd3 45. b5 axb5 46. axb5 Rxg3 47. Kb4 Kc7 48. Rg7+ Kc8 49. c4 Rg1 50. Kc5 h4 51. Kb6 Kd8 52.
c5 h3 53. Rh7 Rb1 54. Rh8+ 1-0

[Event "Early-Titled-Tuesday-Blitz-March-26-2024"]
[Site "Chess.com"]
[Date "2024.03.26"]
[Round "9"]
[White "SlavenPastar"]
[Black "KorolDimitriy75"]
[Result "1-0"]
[WhiteElo "2580"]
[BlackElo "2368"]
[TimeControl "180+1"]
[EndTime "9:43:57 PDT"]
[Termination "SlavenPastar won on time"]

1. Nf3 c5 2. g3 g6 3. Bg2 Bg7 4.
O-O Nc6 5. c4 Nh6 6. e3 Nf5 7.
Nc3 h5 8. a3 h4 9. Rb1 hxg3 10.
hxg3 d6 11. b4 Rb8 12. Nd5 Bd7 13. Qc2 Qc8 14. Bb2 Kf8 15. Bxg7+ Kxg7 16. Qc3+ f6 17. d4 Kf7 18. b5 Nd8 19. Rfe1 Ng7 20. Nxe7 Kxe7 21.
e4 Bh3 22. Bh1 cxd4 23. Nxd4 Qc5 24. b6 a6 25. Nb3 Qh5 26. c5 Bg4 27. cxd6+ Kf8 28.
Qxf6+ Nf7 29. Bg2 Qh2+ 30. Kf1 Nh5 31. Qe7+ Kg7 32. e5 Rbe8 33. Qxb7 Bh3 34. Nc5 Qh1+ 35.
Ke2 Qxg2 36. Qxg2 Bxg2 37. f4 Bc6 38. Kf2 Nh6 39. d7 Re7 40. e6 Ng4+ 41. Ke2 Nxg3+ 42. Kd2 Nf5 43. b7 Rb8 44. Nxa6 Rd8 45. b8=Q Rxb8 46. Rxb8 Bxd7 47. exd7 Rxd7+ 48. Kc1 Nge3 49. Rb3 Nd5 50.
Rd3 Nfe7 51. Red1 Rd6 52. Nb4 1-0

[Event "Early-Titled-Tuesday-Blitz-March-26-2024"]
[Site "Chess.com"]
[Date "2024.03.26"]
[Round "9"]
[White "FairChess_on_YouTube"]
[Black "dropstoneDP"]
[Result "0-1"]
[WhiteElo "3119"]
[BlackElo "3008"]
[TimeControl "180+1"]
[EndTime "9:44:00 PDT"]
[Termination "dropstoneDP won on time"]

1. Nf3 d5 2. g3 g6 3. Bg2 Bg7 4. d4 Nf6 5. O-O O-O 6. c3 a5 7. a4 b6 8. Bf4 Bb7 9. Na3 e6 10.
Qc1 Nbd7 11. Ne5 Nxe5 12. Bxe5 Qe7 13. Nb5 Ne8 14. c4 c6 15. Na3 Rc8 16. Rd1 Ba6 17. Bxg7 Kxg7 18. e3 Nf6 19. Qc3 Qb4 20. Rdc1 c5 21.
cxd5 cxd4 22. Qxd4 Qxd4 23. exd4 Nxd5 24. Bxd5 exd5 25.
Nb5 Bxb5 26. axb5 Rc4 27. Kg2 Rfc8 28. Rd1 Rb4 29. Rd2 Rcc4 30. Re1 Rxd4 31. Rc2 Re4 32.
Rd1 Rxb5 33. Rc7 Re2 34. Rd3 Re6 35. b3 Rf6 36. Rd7 Rf5 37. g4 Rf4 38. Kg3 Rbb4 39. h3 Rbd4 40. Rxd5 Rxd5 41. Rxd5 Rb4 42. Rd3 g5 43. h4 h5 44. gxh5 gxh4+ 45. Kh3 Kh6 46. Rd5 Rxb3+ 47. Kxh4 Rb4+ 48. Kg3 a4 49. f4 a3 50.
Rd6+ Kxh5 51. Rd7 Ra4 52. Rxf7 a2 0-1

[Event "Early-Titled-Tuesday-Blitz-March-26-2024"]
[Site "Chess.com"]
[Date "2024.03.26"]
[Round "9"]
[White "Marielchessy"]
[Black "AccioChess"]
[Result "1-0"]
[WhiteElo "2376"]
[BlackElo "2506"]
[TimeControl "180+1"]
[EndTime "9:44:00 PDT"]
[Termination "Marielchessy won on time"]

1. e4 e5 2. Nf3 Nc6 3. Bb5 a6 4. Ba4 d6 5. O-O g6 6. d4 exd4 7. Nxd4 Bd7 8. Bxc6 bxc6 9. c4 Bg7 10. Nc3 Ne7 11.
Bg5 h6 12. Bh4 O-O 13. f4 g5 14. fxg5 h5 15. Nf5 Ng6 16. Nxg7 Kxg7 17. Qe1 Qe7 18. Rd1 Qe5 19. Ne2 Qxe4 20. Qc3+ Kg8 21. Rd4 Qe5 22.
Nf4 c5 23. Rd5 Qxc3 24. bxc3 Nxh4 25. Nxh5 Be6 26. Rd2 f5 27. gxf6 Kf7 28. Rf4 Ng6 29. Rff2 Ne5 30. h3 Rg8 31. Kh2 Nxc4 32. Rde2 Ne5 33. Ng7 Rh8 34. Kg1 Rh6 35. Nxe6 Kxe6 36. f7 Rf8 37. Rf4 Rxf7 38. Ra4 Rhf6 39. Rxa6 Rf1+ 40.
Kh2 R1f2 41. Rxf2 Rxf2 42. a4 Kf5 43. Ra7 Kf4 44. Kg1 Kg3 45. Rxc7 Rxg2+ 46. Kf1 Rf2+ 47.
Ke1 Nf3+ 48. Kd1 Rd2+ 49. Kc1 Ra2 50. Rg7+ Kf4 51. Rg4+ Ke3 52. Kb1 Rh2 53. h4 Rxh4 54. Rxh4 Nxh4 55. a5 1-0

[Event "Early-Titled-Tuesday-Blitz-March-26-2024"]
[Site "Chess.com"]
[Date "2024.03.26"]
[Round "9"]
[White "ChainedDowntohell"]
[Black "LikeWater"]
[Result "1/2-1/2"]
[WhiteElo "2538"]
[BlackElo "2708"]
[TimeControl "180+1"]
[EndTime "9:44:07 PDT"]
[Termination "Game drawn by repetition"]

1. d4 Nf6 2. c4 g6 3. Nc3 Bg7 4. e4 d6 5. Nge2 c5 6. dxc5 Qa5 7. Bd2 Qxc5 8. Be3 Qxc4 9. Nd4 Qb4 10. a3 Qa5 11. b4 Qd8 12. Be2 O-O 13. O-O Nc6 14.
Nxc6 bxc6 15. Rc1 a5 16. Qa4 Bb7 17. Rfd1 axb4 18. Qxb4 Qc8 19. Na4 c5 20. Nxc5 Bc6 21. e5 dxc5 22. Qxc5 Nd7 23. Qxc6 Qxc6 24. Rxc6 Nxe5 25.
Rc7 Rfe8 26. Bb5 Reb8 27. a4 e6 28. g3 Ng4 29. Rdd7 Nxe3 30. fxe3 Rf8 31. Kg2 Be5 32.
Rb7 h5 33. h4 Kg7 34. Bc6 Ra5 35. Bb5 Kf6 36. Kf3 Raa8 37. Bc6 Ra5 38. Bb5 Bb2 39. Rbc7 Raa8 40. Rc4 Be5 41. Rc2 Rac8 42. Rxc8 Rxc8 43. a5 Rc5 44. Rb7 Rc3 45. a6 Ra3 46. a7 Bd6 47.
Bc6 Bc5 48. Rxf7+ Kxf7 49. a8=Q Rxa8 50. Bxa8 Kf6 51. Be4 Bb6 52. Bd3 Ba7 53. Bc2 Bb6 54.
Bd3 Ba7 55. Bc2 Bb6 56. Bb3 Ba7 57. Bc4 Bb6 58. Bd3 1/2-1/2

[Event "Early-Titled-Tuesday-Blitz-March-26-2024"]
[Site "Chess.com"]
[Date "2024.03.26"]
[Round "9"]
[White "mbojan"]
[Black "SpeedofLight0"]
[Result "0-1"]
[WhiteElo "2892"]
[BlackElo "3068"]
[TimeControl "180+1"]
[EndTime "9:44:08 PDT"]
[Termination "SpeedofLight0 won on time"]

1. g3 h5 2. Nf3 d6 3. d4 Bd7 4. c4 g6 5. Nc3 Bg7 6. h4 Nc6 7. Bg2 Qc8 8. e3 Nf6 9. O-O Bh3 10. Bxh3 Qxh3 11. Ng5 Qd7 12. a3 e5 13. d5 Ne7 14. e4 Ng4 15. Kg2 Bh6 16. Qe2 Bxg5 17.
hxg5 h4 18. Rh1 h3+ 19. Kf1 f5 20. f3 O-O-O 21. fxg4 fxg4 22. Be3 Rdf8+ 23. Kg1 Rf3 24. Kh2 Rhf8 25. Raf1 c5 26. Rxf3 gxf3 27. Qf2 b6 28. b4 Kb7 29. Rb1 Ka8 30. a4 cxb4 31. Rxb4 Nc8 32. a5 bxa5 33. Ra4 Qb7 34. Nb5 a6 35. Rxa5 Kb8 36. Na3 Qb3 37. Bd2 Qd3 38. c5 Qe2 39. Qxe2 fxe2 40. Nc4 Rf1 41. Kxh3 Rd1 42. Bb4 Rb1 43.
Bd2 Rd1 44. Bb4 Rc1 45. Nxd6 Rb1 46. Ra4 Na7 47. Bc3 Rc1 48. Ba5 Rxc5 49. Be1 Rc1 50. Bf2 Rf1 51. Ra1 Rxa1 52. Nf7 Rf1 53. d6 Rxf2 54.
d7 Nc6 55. Nxe5 Nd8 56. Nc6+ Nxc6 57. d8=Q+ Nxd8 0-1